Plume, neutral female human Valkyrie --- ----- -- --.-- --....---- --. |...| ------.......|.----.- |..-| ----- ---- ................|..---- --..| |...----..| - -..*....%<...-- |..-- |.....|...| |...........)...| |...-- ---...|.------- ---... ---..[%..| --...------.....| |..| |.. |....%.-- --.....---.....---..| |....---..)....| |......|..........-| --............-- --.)................-- |.............| |.......@.....---...`| |............-- |.|...f......-- |--.-- |...........)| --- -----........| |...| --.|.........---.| ----.....|---.--- ----............| |....--|...| --.--........-- ---..|--.--- -- ---.|.|...| ---|...| -----------------..---------------.--- -...........................%............| ------------------------------------------ Plume the Fighter Experience level: 6 Strength: 18/01 Dexterity: 9 Constitution: 18 Intelligence: 12 Wisdom: 9 Charisma: 9 Health: 58(69) Energy: 17(17) Def: 16 Gold: 205 Moves: 2391 Dungeon seed: YE_K0Ocl08E3R6if Game ID: Plume_1525274889 Your Inventory: Coins $ - 205 gold pieces Weapons a - 4 blessed +2 spears (alternate weapon; not wielded) t - 6 +0 daggers O - a blessed +1 war hammer (weapon in hand) R - 4 +0 daggers (in quiver) Armor e - an uncursed +3 small shield (being worn) n - an uncursed +0 pair of speed boots (being worn) y - an uncursed +0 cloak of protection (being worn) N - an uncursed +0 dwarvish iron helm (being worn) Y - an uncursed +0 dwarvish mithril-coat (being worn) Comestibles d - 4 uncursed food rations j - an uncursed figue p - an uncursed fortune cookie q - an uncursed lichen corpse C - an uncursed egg W - an uncursed cram ration Scrolls V - an uncursed scroll of light Potions T - 2 uncursed potions of full healing U - an uncursed potion of levitation X - a cursed potion of levitation Rings g - an uncursed +6 ring of adornment i - an uncursed ring of invisibility r - an uncursed ring of teleport control Wands c - a wand of cold (0:4) D - a wand of magic missile (0:6) Tools f - an uncursed oil lamp (0:1490) w - an uncursed magic whistle z - an uncursed sack K - 8 uncursed tallow candles (0:200) Gems b - an uncursed worthless piece of yellowish brown glass S - an uncursed touchstone Z - an uncursed worthless piece of violet glass Spells and supernatural/magical abilities: Name Level Category Fail Memory m - magic missile 2 attack 100% 97% W - pray for help -- divine ? -- Your skills at the end: Miscellaneous Skills shield [Basic] wands [Basic] Weapon Skills dagger [Basic] hammer [Basic] spear [Basic] Spellcasting Skills Final Attributes: You were devoutly aligned. You were cold resistant. You were somewhat stealthy. You could fly. You were protected. You were very fast. You were lucky. You survived. Vanquished creatures: a gnome king a jaguar a soldier ant a bugbear 7 gnome lords a gnomish wizard a gray ooze a giant ant 9 dwarves a jitterbug 2 orc zombies 3 gas spores 3 hobbits a yellow mold 31 gnomes 3 manes 2 jackals 2 newts 2 grid bugs 3 lichens 76 creatures vanquished. Voluntary challenges: You did not cause conflict. You did not have reflection. You were not displaced. You used a wielded weapon 74 times, starting on turn 89. You did not apply a unicorn horn. You did not use plumbed fixtures. You did not drink any magical draughts. You read items or engraved 2 times, starting on turn 1784. You never genocided any monsters. You never polymorphed an object. You never changed form. You used no wishes. You never split a pudding. You never wrote Elbereth's name. You never violated your personal moral code. Dungeon overview: The Dungeons of Doom: levels 1 to 3 Level 1 a fountain, a sink a long staircase Level 2 a general store stairs to The Gnomish Mines Level 3 The Gnomish Mines: levels 3 to 7 Level 3 stairs to The Dungeons of Doom Level 4 Level 5 many shops, a temple to Loki, a magic chest, some fountains Level 6 <- You were here Level 7 History has recorded: On T:1 you entered the Dungeons of Doom to retrieve the Amulet of Yendor! On T:133 you reached level 2 of The Dungeons of Doom. On T:361 you reached level 3 of The Dungeons of Doom. On T:431 you advanced to experience level 2. On T:750 you reached level 1 of The Gnomish Mines. On T:765 you reached level 2 of The Gnomish Mines. On T:780 you advanced to experience level 3. On T:794 you advanced to experience level 4. On T:1172 you advanced to experience level 5. On T:1581 you reached level 3 of The Gnomish Mines. On T:1763 you entered the Minetown temple On T:1783 you opened a magic chest. On T:1812 you advanced to experience level 6. On T:2266 you reached level 4 of The Gnomish Mines. On T:2365 you reached level 5 of The Gnomish Mines. Score breakdown: Gold: 205 ( 20 points) Experience: 6 levels ( 500 points) Exploration: 7 levels ( 180 points) Discoveries: 17 items ( 850 points) Variety of kills: 20 monsters ( 1000 points) Major goal: reached Minetown ( 500 points) Survival: quit (score multiplied by 3) Total score: 9150 Latest messages: You see here a partly eaten gnome corpse. (2x) You see here an elven dagger. V - a scroll labeled DUAM XNAHT. You kill the gnome! (2x) You see here an aklys. W - a cram ration. d - an uncursed food ration. You kill the gnome! X - a purple-red potion. Z - a violet gem. You stop running. You hit the gnome lord! You kill the gnome lord! You see here a gnome lord corpse. With great effort you move the boulder. You fly down along the stairs. You kill the gnome! T - a magenta potion. The horse shudders for a moment. The horse falls into a pit! You see here a gnome corpse. An arrow shoots out at you! You are almost hit by an arrow. b - a yellowish brown gem. You are currently wearing your cloak of protection! Final status: Farvel Plume the Valkyrie, quit... You quit in The Gnomish Mines on dungeon level 6 with 9150 points, and 205 pieces of gold, after 2391 moves. You were level 6 with a maximum of 69 hit points when you quit.